 Dungeon Crawl Stone Soup version 0.31-a0-636-ge1c0e020e0 (webtiles) character file.

Game seed: 17241116093714766671

59 NotreDorf the Magician (level 3, -1/24 HPs)
             Began as a Mummy Hedge Wizard on Aug 26, 2023.
             Slain by an orc
             ... wielding a +0 short sword
              (3 damage)
             ... on level 2 of the Dungeon.
             The game lasted 00:12:45 (3253 turns).

NotreDorf the Magician (Mummy Hedge Wizard)         Turns: 3253, Time: 00:12:46

Health: -1/24      AC:  2    Str: 13    XL:     3   Next: 78%
Magic:  5/9        EV: 12    Int: 15    God:
Gold:   99         SH:  0    Dex: 11    Spells: 5/11 levels left

rFire   x . .        f - staff of cold
rCold   + + .        (no shield)
rNeg    + + +        b - +0 robe
rPois   ∞            c - +0 hat
rElec   .            (no cloak)
rCorr   .            (no gloves)
SInv    .            (no boots)
Will    +....        (no amulet)
Stlth   ++           g - ring of willpower
HPRegen 0.24/turn    (no ring)
MPRegen 0.11/turn

%: faith
@: on blink cooldown
A: cold resistance 1, negative energy resistance 3, torment resistance 2, heat
vulnerability 1, in touch with death 1, no potions, faith
a: no special abilities


You were on level 2 of the Dungeon.
You visited 1 branch of the dungeon, and saw 3 of its levels.

You collected 99 gold pieces.

Inventory:

Hand Weapons
 d - a +0 short sword
Armour
 b - a +0 robe (worn)
 c - a +0 hat (worn)
 h - an orb of light
Magical Staves
 f - a staff of cold (weapon)
Jewellery
 g - a ring of willpower (left hand)
 i - a +6 ring of strength
Scrolls
 a - 3 scrolls of identify {unknown}
 e - a scroll of silence {unknown}


   Skills:
 + Level 2.2 Dodging
 - Level 1.5 Stealth
 + Level 4.7 Spellcasting
 + Level 1.7 Conjurations
 - Level 0.7 Summonings
 - Level 0.7 Translocations
 + Level 0.4 Air Magic


You had 5 spell levels left.
You knew the following spells:

 Your Spells              Type           Power      Damage    Failure   Level
a - Magic Dart            Conj           32%        1d4       9%          1
b - Blink                 Tloc           10%        N/A       19%         2
c - Mephitic Cloud        Conj/Pois/Air  5%         N/A       36%         3

Your spell library contained the following spells:

 Spells                   Type           Power      Damage    Failure   Level
 Slow                     Hex            12%        N/A       17%         1
 Call Imp                 Summ           10%        N/A       19%         2
 Cigotuvi's Dreadful Rot  Necr/Pois/Air  10%        N/A       24%         2


Dungeon Overview and Level Annotations

Branches:
Dungeon (3/15)

Altars:

Annotations:
D:2 1 runed translucent door, Crazy Yiuf


Innate Abilities, Weirdness & Mutations

You are immune to poison.
Your flesh is cold resistant. (rC+)
You are immune to negative energy. (rN+++)
You are immune to unholy pain and torment.
You are vulnerable to heat. (rF-)
You are in touch with the powers of death.
You do not drink.
You have a special connection with the divine. (Faith)


Message History

You start resting.
Your magical contamination has completely faded away.
You start resting.
HP restored.
You start resting.
Magic restored.
There is a stone staircase leading down here.
You climb downwards.
An adder comes into view.
The orc hits you from afar with a +0 trident!
The orc hits you with a +0 short sword.
The orc hits you from afar with a +0 trident.
The orc hits you with a +0 short sword.
The adder moves out of view.
There is a stone staircase leading up here.
The orc closely misses you.
The orc hits you from afar with a +0 trident!
* * * LOW HITPOINT WARNING * * *
The ball python misses you. The ball python closely misses you.
You climb upwards.
Level annotation: 1 runed translucent door, Crazy Yiuf
There is a stone staircase leading down here.
Casting: Magic Dart (safe; 9% risk of failure)
Confirm with . or Enter, or press ? or * to list all spells.
You blink.
Casting: Blink (safe; 19% risk of failure)
Confirm with . or Enter, or press ? or * to list all spells.
Aiming: Magic Dart (safe; 9% risk of failure)
Press: ? - help, Shift-Dir - straight line, f - orc
Aim: an orc, wielding a +0 short sword and wearing a +0 scale mail (100% to hit)
The magic dart hits the orc.
The orc is heavily wounded.
Casting: Magic Dart (safe; 9% risk of failure)
Confirm with . or Enter, or press ? or * to list all spells.
Aiming: Magic Dart (safe; 9% risk of failure)
Press: ? - help, Shift-Dir - straight line, f/p - orc
Aim: an orc, wielding a +0 short sword and wearing a +0 scale mail (heavily wounded, 100% to hit)
The magic dart hits the orc but does no damage.
The orc is heavily wounded.
The orc hits you with a +0 short sword.
You die...

..####.+...# #...........######..
.## ###..)# ######...#..# #.. ##
### #........#..# #..
#...........# #..
#......####.######.. ######
###>##.............. ...#.#
#.##.####.######## ...#.# #o##.#
#.# ..##.# #@##.# #.# #
.....###########.##.# #.# #
.##...........##.##.# #.# ##
.##...........##.##.# #.# ###.
.##...........'..##.# #.# #...
.##...........#####.# #.# #...
............############## #...
............#≈≈§≈≈≈§§§≈§######...
............'.:....§§..≈#........


You could see an orc.

Vanquished Creatures
  2 dart slugs (D:1)
  An orc (D:2)
  5 bats
  6 endoplasms
  A giant cockroach (D:2)
  6 goblins
  3 hobgoblins
  2 jackals (D:2)
  6 kobolds
  4 quokkas
  5 ball pythons (D:1)
  A frilled lizard (D:1)
  4 rats (D:1)
46 creatures vanquished.

Notes
Turn   | Place    | Note
-------+----------+-------------------------------------------
     0 | D:1      | NotreDorf the Mummy Hedge Wizard began the quest for the
                  | Orb.
     0 | D:1      | Reached XP level 1. HP: 13/13 MP: 5/5
   136 | D:1      | Reached skill level 1 in Conjurations
   400 | D:1      | Reached XP level 2. HP: 19/19 MP: 4/7
   983 | D:1      | Gained mutation: You are in touch with the powers of death.
                  | [Mummy growth]
   983 | D:1      | Reached XP level 3. HP: 24/24 MP: 3/8
   986 | D:1      | Learned a level 2 spell: Blink
   990 | D:1      | Learned a level 3 spell: Mephitic Cloud
  2209 | D:2      | Found a runed translucent door.
  2210 | D:2      | Noticed Crazy Yiuf
  3248 | D:3      | HP: 1/24 [orc/+0 trident (7)]
  3253 | D:2      | Slain by an orc

Illustrated notes

Levels and vault maps discovered:
D:1:      minmay_arrival_four_circles, layout_basic, kennysheep_boxes
D:2:      layout_basic, hex_tiny, kennysheep_small_spiral, chequers_garden,
          uniq_crazy_yiuf_cottage
D:3:      layout_rooms

Skill      XL: |  1  2 |
---------------+-------+-----
Conjurations   | 1 |  1.7
Dodging        | 2 |  2.2
Stealth        | |  1.5
Spellcasting   | |  4.7
Summonings     | |  0.7
Translocations | |  0.7
Air Magic      | |  0.4

Action                     || total
---------------------------++-------
  Melee: Short sword       ||    22
         Staff             ||    33
   Cast: Magic Dart        ||   127
         Blink             ||     1
 Armour: Robe              ||    26
  Dodge: Dodged            ||    67

Table legend: (Time is in decaauts)
 A = Elapsed time spent in this place.
 B = Non-inter-level travel time spent in this place.
 C = Inter-level travel time spent in this place.
 D = Time resting spent in this place.
 E = Time spent auto-exploring this place.
 F = Levels seen in this place.
 G = Mean time per level.
                   A        B        C        D        E       F      G
               +--------+--------+--------+--------+--------+-----+--------+
         Total |   3281 |   3162 |    119 |     71 |   2609 |   3 | 1093.7 |
       Dungeon |   3281 |   3162 |    119 |     71 |   2609 |   3 | 1093.7 |
               +--------+--------+--------+--------+--------+-----+--------+

Top non-repeatable levels by time:
     D:1: 1651 daAuts
     D:2: 1607 daAuts
     D:3: 22 daAuts
